 Dungeon Crawl Stone Soup version 0.30-a0-34-gbe8da3892a (webtiles) character file.

Game seed: 4802185163450354844

93 timneilson the Shield-Bearer (level 4, -3/28 HPs)
             Began as a Gargoyle Fighter on Aug 27, 2022.
             Slain by Natasha (6 damage)
             ... on level 2 of the Dungeon.
             The game lasted 00:02:39 (2316 turns).

timneilson the Shield-Bearer (Gargoyle Fighter)     Turns: 2316, Time: 00:02:39

Health: -3/28      AC: 14    Str: 21    XL:     4   Next: 61%
Magic:  0/4        EV:  7    Int:  9    God:
Gold:   96         SH:  4    Dex:  9    Spells: 3/3 levels left

rFire   . . .      SeeInvis .    a - +0 long sword
rCold   . . .      Faith    .    c - +0 buckler
rNeg    + + .      Spirit   +    n - +1 chain mail {rN+}
rPois   ∞          Reflect  .    (no helmet)
rElec   +          Harm     .    (no cloak)
rCorr   .          Rampage  .    (no gloves)
Will    .....                    (no boots)
Stlth   ..........               i - amulet of guardian spirit
HPRegen 0.09/turn                (no ring)
MPRegen 0.09/turn                (no ring)

@: no status effects
A: sickness immunity, AC +3, negative energy resistance 1, electricity
resistance, torment resistance 1, petrification resistance
a: no special abilities


You were on level 2 of the Dungeon.
You visited 1 branch of the dungeon, and saw 2 of its levels.

You collected 96 gold pieces.

Inventory:

Hand Weapons
 a - a +0 long sword (weapon)
Armour
 c - a +0 buckler (worn)
 n - a +1 chain mail of positive energy (worn)
Jewellery
 i - an amulet of guardian spirit (around neck)
Wands
 m - a wand of iceblast (6)
Scrolls
 e - a scroll of poison
 g - 2 scrolls of teleportation {unknown}
 j - a scroll of brand weapon {unknown}
 k - a scroll of magic mapping {unknown}
Potions
 d - a potion of might
 f - 2 potions of heal wounds {unknown}
 h - 2 potions of curing {unknown}


   Skills:
 + Level 3.6 Fighting
 * Level 2.6 Long Blades
 * Level 4.0 Armour
 + Level 1.0 Dodging
 * Level 4.0 Shields
 + Level 0.2 Evocations


You had 3 spell levels left.
You didn't know any spells.
Your spell library was empty.

Dungeon Overview and Level Annotations

Branches:
Dungeon (2/15)

Altars:

Annotations:
D:2 Natasha


Innate Abilities, Weirdness & Mutations

You are immune to sickness and miasma.
Your stone body is resilient. (AC +3)
You are immune to poison.
You resist negative energy. (rN+)
You are resistant to electric shocks. (rElec)
You are resistant to unholy torment.
You are immune to petrification.


Message History

Your Dodging skill increases to level 1!
Your Shields skill increases to level 4!
You feel yourself speed up.
Things that are here:
a +0 dagger; a goblin skeleton Natasha, Servant of Life and Death comes into view.
Natasha hisses angrily.
Natasha casts a spell at you.
You feel yourself slow down.
Natasha stares at you and mumbles some strange words.
The magic dart hits you but does no damage.
Natasha claws you but does no damage. x2
You hit Natasha but do no damage. Natasha claws you.
You hit Natasha.
Natasha is moderately wounded.
Natasha claws you! Natasha claws you.
You barely miss Natasha.
Natasha is moderately wounded.
Natasha claws you but does no damage. x2
You barely miss Natasha.
Natasha is moderately wounded.
Natasha claws you but does no damage. Natasha claws you.
* * * LOW HITPOINT WARNING * * *
You barely miss Natasha.
Natasha is moderately wounded.
Natasha claws you.
* * * LOW HITPOINT WARNING * * *
Natasha barely misses you. Natasha claws you but does no damage.
You closely miss Natasha.
Natasha is moderately wounded.
You feel yourself speed up. Natasha claws you but does no damage.
You slash Natasha!
Natasha is severely wounded.
Natasha barely misses you. Natasha claws you.
* * * LOW HITPOINT WARNING * * *
You closely miss Natasha.
Natasha is severely wounded.
Natasha claws you!
You die...

#..###>#####.. #.. .......#.#
#........[##.# #...#########.#
#.........##.# #...# #.#
#............# #...# #.#.
....##.##.##.# #...# .###
......"......######...########.#.
....##.#...#.................#..#
..).##.........................#
....##..........@h...........#.##
....##.......######...########...
.............# #.........# #.#.
######.......# #.........# #†#.
#.......###.........# #..)
######.......÷....#...#### ###.
......###.......#.††)...# #.
#####)# #...###.#.#...#.# #.
#####.###...##._........#### #.


You could see Natasha.

Vanquished Creatures
  Natasha (D:2)
  An adder (D:2)
  A worm (D:2)
  A dart slug (D:1)
  4 endoplasms
  3 giant cockroaches
  4 goblins
  2 hobgoblins
  4 jackals (D:2)
  4 quokkas
  6 ball pythons
  4 bats
  3 frilled lizards (D:1)
  8 kobolds
  6 rats
52 creatures vanquished.

Notes
Turn   | Place    | Note
-------+----------+-------------------------------------------
     0 | D:1      | timneilson the Gargoyle Fighter began the quest for the
                  | Orb.
     0 | D:1      | Reached XP level 1. HP: 14/14 MP: 1/1
   413 | D:1      | Reached XP level 2. HP: 12/19 MP: 2/2
  1182 | D:1      | Reached XP level 3. HP: 23/23 MP: 3/3
  1881 | D:2      | Found a faded altar of an unknown god.
  2041 | D:2      | Reached XP level 4. HP: 23/28 MP: 4/4
  2178 | D:2      | Noticed Natasha
  2197 | D:2      | Killed Natasha
  2198 | D:2      | Reached skill level 1 in Dodging
  2304 | D:2      | Noticed Natasha
  2316 | D:2      | Slain by Natasha

Illustrated notes

Levels and vault maps discovered:
D:1:      spicycebolla_green_bress_n_ham_2, layout_basic, minmay_octomino_e4
D:2:      layout_loops_cross, basic_ecumenical_altar, uniq_natasha, uniq_robin

Skill      XL: |  1  2  3  4 |
---------------+-------------+-----
Long Blades    | 2 |  2.6
Armour         | 4 |  4.0
Dodging        | 1 |  1.0
Shields        | 4 |  4.0
Fighting       | |  3.6
Evocations     | |  0.2

Action                   |  1- 3 |  4- 6 || total
-------------------------+-------+-------++-------
Melee: Long sword        |   166 |    34 ||   200
  Use: Scroll            |     1 |       ||     1
Armor: Scale mail        |   136 |       ||   136
       Chain mail        |       |    30 ||    30
Dodge: Dodged            |   111 |     9 ||   120
Block: Buckler           |    42 |     6 ||    48

Table legend: (Time is in decaauts)
 A = Elapsed time spent in this place.
 B = Non-inter-level travel time spent in this place.
 C = Inter-level travel time spent in this place.
 D = Time resting spent in this place.
 E = Time spent auto-exploring this place.
 F = Levels seen in this place.
 G = Mean time per level.
                   A        B        C        D        E       F      G
               +--------+--------+--------+--------+--------+-----+--------+
         Total |   2394 |   2328 |     66 |      0 |   1867 |   2 | 1197.0 |
       Dungeon |   2394 |   2328 |     66 |      0 |   1867 |   2 | 1197.0 |
               +--------+--------+--------+--------+--------+-----+--------+

Top non-repeatable levels by time:
     D:1: 1477 daAuts
     D:2: 917 daAuts
